 Dungeon Crawl Stone Soup version 0.25-a0-460-g4f2eb97ec1 (webtiles) character file.

Game seed: 17917460757419009932, levelgen mode: deterministic

6206 Eurus the Thaumaturge (level 10, -9/74 HPs)
             Began as a Mummy Conjurer on Feb 3, 2020.
             Was a Follower of Ashenzari.
             Mangled by a manticore (11 damage)
             ... on level 11 of the Dungeon.
             The game lasted 00:38:13 (14449 turns).

Eurus the Thaumaturge (Mummy Conjurer)             Turns: 14449, Time: 00:38:14

Health: -9/74      AC:  6    Str: 13    XL:     10   Next: 61%
Magic:  13/24      EV: 12    Int: 17    God:    Ashenzari [*.....]
Gold:   559        SH:  5    Dex: 12    Spells: 21/30 levels left

rFire    x . .     SeeInvis .   q - +3 short sword (drain)
rCold    + + .     Gourm    .   c - +0 buckler
rNeg     + + +     Faith    .   v - +1 robe {rC+}
rPois    ∞         Spirit   .   (no helmet)
rElec    .         Reflect  .   (no cloak)
rCorr    .         Harm     .   p - +1 pair of gloves
MR       +....                  d - +0 pair of boots
Stlth    ++........             (no amulet)
HPRegen  0.22/turn              (no ring)
MPRegen  0.19/turn              (no ring)

@: barbed spikes
A: no food or potions, fire vulnerability, cold resistance 1, negative energy
resistance 3, torment resistance, unbreathing
a: Curse Item, Scrying, Renounce Religion


You were on level 11 of the Dungeon.
You worshipped Ashenzari.
Ashenzari was aware of your devotion.
You were not hungry.

You visited 1 branch of the dungeon, and saw 11 of its levels.

You collected 559 gold pieces.

Inventory:

Hand Weapons
 l - a +0 quarterstaff
 q - a +3 short sword of draining (weapon)
Armour
 a - +0 acid dragon scales
 c - a +0 buckler (worn)
 d - a +0 pair of boots (worn)
 p - a +1 pair of gloves (worn)
 v - a +1 robe of cold resistance (worn)
Wands
 m - a wand of paralysis (5)
 o - a wand of enslavement (7)
 r - a wand of acid (15)
 s - a wand of random effects (13)
Scrolls
 b - 2 scrolls of fear
 e - 6 scrolls of identify
 f - 2 scrolls of fog
 g - a scroll of magic mapping
 h - 3 scrolls of enchant weapon
 i - 7 scrolls of teleportation
 j - 3 scrolls of remove curse
 k - a scroll of blinking
 n - 3 scrolls of amnesia
 t - a scroll of silence {unknown}
 u - a scroll of summoning


   Skills:
 - Level 5.4 Fighting
 + Level 4.2 Staves
 + Level 0.5 Armour
 - Level 1.5 Dodging
 - Level 1.5 Stealth
 - Level 4.0 Shields
 + Level 10.8 Spellcasting
 + Level 8.2 Conjurations
 + Level 3.0 Translocations
 + Level 0.6 Evocations


You had 21 spell levels left.
You knew the following spells:

 Your Spells              Type           Power        Failure   Level  Hunger
a - Magic Dart            Conj           ####         1%          1    N/A
b - Searing Ray           Conj           #####.       1%          2    N/A
c - Blink                 Tloc           N/A          3%          2    N/A
d - Iskenderun's Mystic   Conj/Tloc      ####....     8%          4    N/A

Your spell library contained the following spells:

 Spells                   Type           Power        Failure   Level  Hunger
 Conjure Flame            Conj/Fire      ###.....     4%          3    N/A
 Dazzling Flash           Conj/Hex       ###...       4%          3    N/A
 Gell's Gravitas          Tloc           ###.......   7%          3    N/A
 Mephitic Cloud           Conj/Pois/Air  ###.....     8%          3    N/A
 Call Imp                 Summ           #.......     12%         2    N/A
 Slow                     Hex            #.......     12%         2    N/A
 Sticks to Snakes         Tmut           #.......     12%         2    N/A
 Fulminant Prism          Conj/Hex       ###.......   14%         4    N/A
 Confusing Touch          Hex            #.......     24%         3    N/A
 Petrify                  Tmut/Erth      #.......     61%         4    N/A
 Metabolic Englaciation   Hex/Ice        #.........   91%         5    N/A
 Yara's Violent Unravell  Hex/Tmut       #.........   91%         5    N/A
 Beastly Appendage        Tmut           Unusable     N/A         1    N/A
 Spider Form              Tmut/Pois      Unusable     N/A         3    N/A
 Ice Form                 Ice/Tmut       Unusable     N/A         4    N/A
 Blade Hands              Tmut           Unusable     N/A         5    N/A

Dungeon Overview and Level Annotations

Branches:
Dungeon (11/15)            Temple (0/1) D:4            Lair (0/6) D:10
    Orc: D:9-12

Altars:
Ashenzari
Dithmenos
Elyvilon
Fedhas
Gozag
Kikubaaqudgha
Makhleb
Qazlal
Ru
Sif Muna
Trog
Uskayaw
Zin

Shops:
D:8 (

Annotations:
D:4 Eustachio
D:6 1 runed translucent door, Sleepwalker's ghost, novice DEEE
D:10 1 runed translucent door, Beaer's ghost, novice VSWn


Innate Abilities, Weirdness & Mutations

You do not eat or drink.
Your flesh is vulnerable to fire.
You are immune to poison.
Your flesh is cold resistant. (rC+)
You are immune to negative energy. (rN+++)
You are immune to unholy pain and torment.
You can survive without breathing.


Message History

The volley of spikes hits you!
The barbed spikes become lodged in your body.
Casting: Searing Ray (safe; 1% risk of failure)
Confirm with . or Enter, or press ? or * to list all spells.
Aiming: Searing Ray (safe; 1% risk of failure)
Press: ? - help, Shift-Dir - straight line, f/p - manticore
Aim: a manticore (severely wounded)
The searing ray hits the manticore.
The manticore is severely wounded. (Press . to maintain the ray.)
The searing ray hits the manticore!
The manticore is almost dead.
The manticore bites you!!
The manticore claws you but does no damage.
The manticore claws you!
* * * LOW HITPOINT WARNING * * *
The searing ray misses the manticore.
The manticore bites you!!
* * * LOW HITPOINT WARNING * * *
The manticore claws you!
You die...

#.............................#
#.#'######......(.............#
#.#......#............#'#####.#
#.#......#....%.......#.....#.#
#.#......#........)...#.....#..
#.#......'............#.....#...
..#......#............####### ..
..########.......H...........
........<).((((.@..(.....>...
#########...########.........
#...# #(........ #####
#.(...###+ #.....# #.....#
#.....#### #.c......# #.(......#


You could see a manticore.

Vanquished Creatures
  A troll (D:9)
  A hornet (D:8)
  2 hippogriffs (D:8)
  5 yaks
  2 basilisks (D:10)
  Menkaure (D:6)
  An acid dragon (D:10)
  3 porcupines (D:10)
  Duvessa (D:6)
  Purgy (D:4)
  A black bear (D:8)
  3 phantoms
  A sky beast (D:10)
  3 orc warriors
  7 ogres
  4 centaurs
  A crocodile (D:10)
  2 big kobolds
  4 bullfrogs
  Dowan (D:6)
  2 scorpions
  3 wights
  2 howler monkeys
  A crimson imp (D:9)
  A quasit (D:9)
  A jelly (D:6)
  3 hounds
  3 orc priests
  2 centaur skeletons
  6 orc wizards
  An iron imp (D:5)
  4 iguanas
  10 worker ants
  2 hound skeletons
  3 gnolls (D:6)
  11 adders
  A howler monkey skeleton (D:5)
  7 shadow imps
  3 oozes
  An adder zombie (D:7)
  6 worms
  3 dart slugs
  3 leopard geckos
  25 orcs
  3 ball pythons
  10 bats
  4 giant cockroaches
  10 goblins
  7 hobgoblins
  11 jackals
  20 kobolds
  7 quokkas
  4 frilled lizards
  8 rats
233 creatures vanquished.

Vanquished Creatures (others)
  4 bushes (D:10)
  5 fungi (D:10)
  22 plants (D:10)
  4 toadstools (D:1)
35 creatures vanquished.

Grand Total: 268 creatures vanquished

Notes
Turn   | Place    | Note
-------+----------+-------------------------------------------
     0 | D:1      | Eurus the Mummy Conjurer began the quest for the Orb.
     0 | D:1      | Reached XP level 1. HP: 13/13 MP: 4/4
   302 | D:1      | Reached skill level 3 in Spellcasting
   307 | D:1      | Reached XP level 2. HP: 20/20 MP: 1/6
   311 | D:1      | Learned a level 2 spell: Searing Ray
   420 | D:1      | Reached skill level 1 in Fighting
   800 | D:1      | Reached XP level 3. HP: 21/26 MP: 1/7
  1334 | D:2      | Reached XP level 4. HP: 32/32 MP: 5/9
  1413 | D:2      | Reached skill level 1 in Shields
  1629 | D:2      | Reached skill level 4 in Spellcasting
  2613 | D:3      | Reached XP level 5. HP: 37/37 MP: 6/11
  3189 | D:3      | Found a sacrificial altar of Ru.
  3483 | D:3      | Found a shimmering blue altar of Sif Muna.
  3487 | D:3      | Found a shattered altar of Ashenzari.
  3495 | D:3      | Became a worshipper of Ashenzari the Shackled
  3594 | D:3      | Found a faded altar of an unknown god.
  3642 | D:3      | Reached skill level 5 in Spellcasting
  3642 | D:3      | Reached XP level 6. HP: 21/43 MP: 4/13
  4036 | D:3      | Found a bloodstained altar of Trog.
  4196 | D:4      | Noticed Purgy
  4440 | D:4      | Found an ancient bone altar of Kikubaaqudgha.
  4682 | D:4      | Found a stormy altar of Qazlal.
  4714 | D:4      | Found a glowing silver altar of Zin.
  4763 | D:4      | Reached skill level 6 in Spellcasting
  4763 | D:4      | Reached XP level 7. HP: 48/48 MP: 9/16
  4891 | D:4      | Reached skill level 5 in Conjurations
  4900 | D:4      | Found a staircase to the Ecumenical Temple.
  4965 | D:4      | Killed Purgy
  4967 | D:4      | Noticed Eustachio
  5009 | D:4      | Found an opulent altar of Gozag.
  5261 | D:5      | Entered Level 5 of the Dungeon
  5674 | D:5      | Found a burning altar of Makhleb.
  5800 | D:5      | Reached XP level 8. HP: 55/57 MP: 13/18
  6202 | D:6      | Reached skill level 7 in Spellcasting
  6413 | D:6      | Noticed Duvessa
  6413 | D:6      | Noticed Dowan
  6788 | D:6      | Noticed Menkaure
  6799 | D:6      | Killed Menkaure
  6827 | D:6      | Reached * piety under Ashenzari
  7119 | D:6      | Killed Duvessa
  7119 | D:6      | Reached skill level 8 in Spellcasting
  7284 | D:6      | Noticed Sleepwalker's ghost (novice DEEE)
  7287 | D:6      | Found a runed translucent door.
  7559 | D:6      | Found a hide-covered altar of Uskayaw.
  7621 | D:6      | Killed Dowan
  7772 | D:7      | Found a white marble altar of Elyvilon.
  7774 | D:7      | Found a blossoming altar of Fedhas.
  8421 | D:7      | Reached XP level 9. HP: 65/66 MP: 17/21
  9392 | D:8      | Reached skill level 5 in Fighting
  9546 | D:8      | Found Zoasha Nama's Antique Weapon Shoppe.
  9888 | D:8      | Reached skill level 9 in Spellcasting
 10014 | D:8      | Reached skill level 1 in Staves
 10259 | D:9      | Noticed a troll
 10475 | D:9      | Noticed a two-headed ogre
 10540 | D:9      | Killed a troll
 10661 | D:9      | Learned a level 2 spell: Blink
 10666 | D:9      | Learned a level 4 spell: Iskenderun's Mystic Blast
 10731 | D:9      | Found a shadowy altar of Dithmenos.
 11100 | D:9      | Reached skill level 10 in Spellcasting
 11334 | D:10     | Entered Level 10 of the Dungeon
 11501 | D:10     | Found a runed translucent door.
 11501 | D:10     | Noticed Beaer's ghost (novice VSWn)
 11557 | D:9      | Reached skill level 1 in Translocations
 11805 | D:10     | Reached XP level 10. HP: 74/74 MP: 15/24
 12220 | D:10     | Found a staircase to the Lair.
 12245 | D:10     | HP: 2/74 [acid (13)]
 13704 | D:11     | Noticed a two-headed ogre
 14438 | D:11     | Noticed a manticore
 14449 | D:11     | HP: 2/74 [manticore (20)]
 14449 | D:11     | Mangled by a manticore

Levels and vault maps discovered:
D:1:      ldierk_walled_garden_2, layout_basic, minmay_pentomino_p4
D:2:      layout_basic, serial_forest, infiniplex_forest_straight_2,
          infiniplex_forest_lined_2, infiniplex_forest_straight_3,
          infiniplex_forest_clump_curved, infiniplex_forest_end_3,
          infiniplex_forest_straight_3, minmay_unequal
D:3:      layout_loops_corners, lemuel_doored_altar, grunt_temple_overflow_open,
          chequers_ecumenical_altar_simple_redux, grunt_ministairs_13,
          trog_hazing_becter
D:4:      layout_loops_ring, old_standard_altar, kennysheep_little_box,
          kiku_gazebo_pond_becter, minmay_temple_entry_offerings,
          grunt_gozag_breadcrumbs, uniq_purgy, uniq_eustachio
D:5:      layout_basic, makhleb_grotto_becter, first_ration
D:6:      layout_gridville, eat_drink_and_be_merry_uskayaw,
          hellmonk_ghost_happy_afterlife, uniq_duvessa, uniq_menkaure
D:7:      layout_basic, chequers_temple_overflow_statue_of_worship
D:8:      layout_basic, serial_shops, nicolae_shop_window_shopping
D:9:      layout_rooms, nicolae_dithmenos_through_a_glass_darkly
D:10:     layout_rooms, minmay_lair_entry_grove, hellmonk_ghost_happy_afterlife
D:11:     layout_irregular_city, erik_orc_1, hangedman_ranch
          [blue_anna_fruit_fields], xom_teletrap_fun

Skill      XL: |  1  2  3  4  5  6  7  8  9 10 |
---------------+-------------------------------+-----
Spellcasting   | 3 4 5 6 8 10 | 10.8
Fighting       | 1 2 4 5 |  5.4
Shields        | 1 2 3 4 |  4.0
Conjurations   | 4 5 6 7 8 |  8.2
Staves         | 2 4 |  4.2
Translocations | 1 3 |  3.0
Armour         | |  0.5
Dodging        | |  1.5
Stealth        | |  1.5
Evocations     | |  0.6

Action                   |  1- 3 |  4- 6 |  7- 9 | 10-12 || total
-------------------------+-------+-------+-------+-------++-------
Melee: Unarmed           |    29 |       |       |       ||    29
       Club              |     9 |    37 |       |       ||    46
       Dagger            |       |    69 |    98 |       ||   167
       Short sword       |       |       |    30 |     6 ||    36
 Cast: Magic Dart        |    55 |    83 |   104 |    40 ||   282
       Searing Ray       |     1 |    23 |    79 |    32 ||   135
  Use: Scroll            |       |       |    10 |     1 ||    11
 Stab: Sleeping          |       |       |     1 |       ||     1
Armor: Robe              |    13 |    45 |    50 |    15 ||   123
Dodge: Dodged            |    38 |   126 |   130 |    30 ||   324
Block: Buckler           |       |       |    49 |     7 ||    56

Table legend:
 A = Non-vault XP
 B = Vault XP
 C = Vault XP percentage of total XP
 D = Non-vault monster count
 E = Vault monster count
 F = Vault count percentage of total count
                 A         B        C        D         E       F
            +---------+---------+-------+---------+---------+-------
      Total |    6138 |    2729 |  30.8 |     201 |      32 |  13.7
            +---------+---------+-------+---------+---------+-------
        D:1 |      53 |       8 |  13.1 |      25 |       3 |  10.7
        D:2 |     104 |      18 |  14.8 |      26 |       4 |  13.3
        D:3 |     248 |      14 |   5.3 |      29 |       8 |  21.6
        D:4 |     456 |     142 |  23.7 |      10 |       1 |   9.1
        D:5 |     387 |      39 |   9.2 |      13 |       1 |   7.1
        D:6 |     820 |     396 |  32.6 |      22 |       3 |  12.0
        D:7 |     261 |       0 |   0.0 |      14 |       0 |   0.0
        D:8 |    1462 |       0 |   0.0 |      19 |       0 |   0.0
        D:9 |    1009 |     223 |  18.1 |      21 |       1 |   4.5
       D:10 |    1017 |    1889 |  65.0 |      18 |      11 |  37.9
       D:11 |     321 |       0 |   0.0 |       4 |       0 |   0.0
            +---------+---------+-------+---------+---------+-------
